Match 21593273
Unlisted

Match 21593273
End
Construct Section Command Post
Infantry Section
Infantry Section
Infantry Section
Selects Indian Artillery Battlegroup
Selects Indian Artillery Battlegroup
Selects Indian Artillery Battlegroup
Selects Towed ML 4.2-inch Heavy Mortar
Towed ML 4.2-inch Heavy Mortar
Construct Platoon Command Post
6-pounder Anti-tank Gun Team
Selects Valour
Selects Gurkha Rifles Section
Gurkha Rifles Section
Unlock M3 Stuart Light Tanks
M3 Stuart Light Tank
Selects Off-map Airburst Barrage
M3 Stuart Light Tank
Off-map Airburst Barrage
Jesulin
Jonatanga
PAUG.S®
Eber
Tirant
Hevsik
Hunting Ryan the slave
Hunter dak 4v4 player
0
0

Comments sign in to comment!

No comments posted yet!